 Dungeon Crawl Stone Soup version 0.32-a0-131-g9dbbe29261 (webtiles) character file.

Game seed: 12616128311619363001

30 PriceMaster the Gusty (level 2, 0/20 HPs)
             Began as a Demigod Air Elementalist on Feb 9, 2024.
             Succumbed to an adder's poison
             ... on level 2 of the Dungeon.
             The game lasted 00:01:14 (1084 turns).

PriceMaster the Gusty (Demigod Air Elementalist)    Turns: 1084, Time: 00:01:15

Health: 0/20       AC:  2    Str:  9    XL:     2   Next: 87%
Magic:  2/7        EV: 12    Int: 17    God:
Gold:   63         SH:  0    Dex: 14    Spells: 2/5 levels left

rFire   . . .        d - +1 whip (flame)
rCold   . . .        (no shield)
rNeg    . . .        a - +0 robe
rPois   .            (no helmet)
rElec   .            (no cloak)
rCorr   .            (no gloves)
SInv    .            (no boots)
Will    .....        (no amulet)
Stlth   ++           (no ring)
HPRegen 0.23/turn    (no ring)
MPRegen 0.10/turn

%: no passive effects
@: mighty, lethally poisoned (0 -> -6), very slightly contaminated
A: high MP 1, forlorn, divine attributes
a: no special abilities


You were on level 2 of the Dungeon.
You visited 1 branch of the dungeon, and saw 2 of its levels.

You collected 63 gold pieces.

Inventory:

Hand Weapons
 d - a +1 whip of flaming (weapon)
Armour
 a - a +0 robe (worn)
Scrolls
 e - a scroll of blinking {unknown}
 f - a scroll of poison {unknown}
 g - a scroll of identify {unknown}
 i - a scroll of teleportation {unknown}
Potions
 b - a potion of magic
 h - a potion of brilliance {unknown}


   Skills:
 + Level 0.1 Maces & Flails
 + Level 2.0 Dodging
 + Level 2.1 Stealth
 + Level 2.1 Spellcasting
 + Level 1.1 Conjurations
 + Level 3.1 Air Magic


You had 2 spell levels left.
You knew the following spells:

 Your Spells              Type           Power      Damage    Failure   Level
a - Shock                 Conj/Air       36%        1d5       9%          1
b - Jinxbite              Hex            2%         N/A       28%         2

Your spell library contained the following spells:

 Spells                   Type           Power      Damage    Failure   Level
 Static Discharge         Conj/Air       18%        3-4/arc   12%         2
 Apportation              Tloc           2%         N/A       19%         1
 Swiftness                Air            12%        N/A       16%         3
 Airstrike                Air            6%         2d(1-17)  47%         4
 Animate Dead             Necr           1%         N/A       88%         4
 Alistair's Intoxication  Alch           0%         N/A       99%         5
 Borgnjor's Vile Clutch   Necr/Erth      0%         N/A       99%         5
 Death Channel            Necr           0%         N/A       100%        6


Dungeon Overview and Level Annotations

Branches:
Dungeon (2/15)


Innate Abilities, Weirdness & Mutations

You have an increased reservoir of magic. (+10% MP)
You shall have no god before yourself.
Your divine heritage dramatically boosts your attributes as you level up.


Message History

You feel your willpower return.
An adder comes into view.
The adder hisses angrily.
An adder is nearby!
An adder is nearby!
You miscast Shock.
You are very lightly contaminated with residual magic.
Nothing appears to happen.
The adder bites you.
A frilled lizard comes into view.
The zap misses the adder.
The zap misses the frilled lizard.
The frilled lizard hisses angrily.
The adder bites you.
The zap misses the adder.
The zap hits the frilled lizard.
You kill the frilled lizard!
The adder bites you.
You are poisoned.
The adder poisons you!
Casting: Shock (safe; 9% risk of failure)
Confirm with . or Enter, or press ? or * to list all spells.
You miscast Jinxbite.
Nothing appears to happen.
You feel sick. The adder bites you. The adder misses you.
Unknown command.
You are too injured to fight recklessly!
You are too injured to fight recklessly!
You barely miss the adder.
You feel sick. The adder barely misses you.
You hit the adder. You burn the adder.
The adder is heavily wounded.
You feel sick. The adder closely misses you. The adder bites you.
* * * LOW HITPOINT WARNING * * *
You are lethally poisoned!
The adder poisons you!
You closely miss the adder.
The adder is heavily wounded.
* * * LOW HITPOINT WARNING * * *
You feel sick. The adder bites you.
* * * LOW HITPOINT WARNING * * *
Unknown command.
It was a potion of might.
You feel very mighty all of a sudden.
You die...

######
#....
#.S# #@.#
#..# #..#
#..#
####..#
#.†...##
#.##...##
#.#.....#
#.##...##


You could see an adder.

Vanquished Creatures
  A dart slug (D:1)
  2 ball pythons (D:1)
  A bat (D:1)
  5 endoplasms
  2 giant cockroaches (D:1)
  4 goblins (D:1)
  2 hobgoblins (D:1)
  2 kobolds (D:1)
  A quokka (D:1)
  4 frilled lizards
  A rat (D:1)
25 creatures vanquished.

Notes
Turn   | Place    | Note
-------+----------+-------------------------------------------
     0 | D:1      | PriceMaster the Demigod Air Elementalist began the quest
                  | for the Orb.
     0 | D:1      | Reached XP level 1. HP: 14/14 MP: 5/5
   165 | D:1      | Reached skill level 3 in Air Magic
   165 | D:1      | Reached XP level 2. HP: 20/20 MP: 1/7
   322 | D:1      | Reached skill level 1 in Conjurations
   325 | D:1      | Learned a level 2 spell: Jinxbite
  1083 | D:2      | HP: 1/20 [adder (1)]
  1084 | D:2      | Succumbed to an adder's poison

Illustrated notes

Levels and vault maps discovered:
D:1:      dpeg_arrival_long_road, layout_basic
D:2:      layout_loops_ring, minivault_19, nicolae_hexahallways,
          lightli_corner_chamber

Skill      XL: |  1  2 |
---------------+-------+-----
Spellcasting   | 2 |  2.1
Air Magic      | 3 |  3.1
Dodging        | 2 |  2.0
Conjurations   | 1 |  1.1
Stealth        | 2 |  2.1
Maces & Flails | |  0.1

Action                     || total
---------------------------++-------
  Melee: Whip              ||    27
         Unarmed           ||     6
         Punch             ||     1
   Cast: Shock             ||    28
         Jinxbite          ||     4
    Use: Potion            ||     1
   Stab: Sleeping          ||     2
 Armour: Robe              ||    18
  Dodge: Dodged            ||    17

Table legend: (Time is in decaauts)
 A = Elapsed time spent in this place.
 B = Non-inter-level travel time spent in this place.
 C = Inter-level travel time spent in this place.
 D = Time resting spent in this place.
 E = Time spent auto-exploring this place.
 F = Levels seen in this place.
 G = Mean time per level.
                   A        B        C        D        E       F      G
               +--------+--------+--------+--------+--------+-----+--------+
         Total |   1085 |   1063 |     22 |      0 |    930 |   2 |  542.5 |
       Dungeon |   1085 |   1063 |     22 |      0 |    930 |   2 |  542.5 |
               +--------+--------+--------+--------+--------+-----+--------+

Top non-repeatable levels by time:
     D:1: 1034 daAuts
     D:2: 51 daAuts
